 Seeded DCSS version 0.30-a0-719-gcc4359ea44 (webtiles) character file.

Game seed: 5430720872467839093 (custom seed)

21 valliere the Gusty (level 3, 18/18 HPs)
             Began as a Meteoran Air Elementalist on Jan 26, 2023.
             Quit the game on level 1 of the Dungeon.
             The game lasted 00:02:30 (701 turns).

valliere the Gusty (Meteoran Air Elementalist)       Turns: 701, Time: 00:02:31

Health: 18/18      AC:  2    Str: 10    XL:     3   Next: 20%
Magic:  8/8        EV: 12    Int: 18    God:
Gold:   45         SH:  0    Dex: 14    Spells: 7/8 levels left

rFire   . . .      SeeInvis .    (no weapon)
rCold   . . .      Faith    .    (no shield)
rNeg    . . .      Spirit   .    a - +0 robe
rPois   .          Reflect  .    (no helmet)
rElec   .          Harm     .    (no cloak)
rCorr   .          Rampage  .    (no gloves)
Will    .....                    (no boots)
Stlth   +                        (no amulet)
HPRegen 0.23/turn                (no ring)
MPRegen 0.11/turn                (no ring)

@: glowing, bezotted
A: sense surroundings 1, otherworldly, glowing, explore regen, MP-powered wands
a: no special abilities


You were on level 1 of the Dungeon.
You visited 1 branch of the dungeon, and saw 1 of its levels.

You collected 45 gold pieces.

Inventory:

Armour
 a - a +0 robe (worn)
Scrolls
 c - a scroll of teleportation {unknown}
 e - 2 scrolls of amnesia {unknown}
 g - a scroll of noise {unknown}
 h - a scroll of identify {unknown}
 i - a scroll of torment {unknown}
Potions
 b - a potion of magic
 d - a potion of attraction {unknown}
 f - 2 potions of curing {unknown}


   Skills:
 + Level 2.8 Dodging
 + Level 1.6 Stealth
 + Level 3.0 Spellcasting
 + Level 1.8 Conjurations
 + Level 3.9 Air Magic


You had 7 spell levels left.
You knew the following spells:

 Your Spells              Type           Power      Damage    Failure   Level
a - Shock                 Conj/Air       52%        1d6       4%          1

Your spell library contained the following spells:

 Spells                   Type           Power      Damage    Failure   Level
 Static Discharge         Conj/Air       26%        2-4/arc   8%          2
 Swiftness                Air            16%        N/A       10%         3
 Airstrike                Air            8%         2d(2-18)  32%         4


Dungeon Overview and Level Annotations

Branches:
Dungeon (1/15) Zot: 99

Altars:


Innate Abilities, Weirdness & Mutations

You passively map a small area around you.
You are easily found by Zot.
You glow in the dark.
You regain HP and MP as you explore.
You expend magic power (3 MP) to strengthen your wands.


Message History

Found a stone staircase leading down.
A goblin comes into view. It is wielding a +0 dagger.
The zap hits the goblin.
You kill the goblin!
There is an escape hatch in the floor here.
You open the door.
There is an open door here.
There is an open door here.
Things that are here:
a +0 club; a goblin skeleton
Found a stone staircase leading down.
There is a stone staircase leading down here.
You have lingered too long.
Zot senses you.
Dive deeper or flee this branch before you suffer!
A ball python comes into view.
The zap hits the ball python.
The ball python is moderately wounded.
The ball python hisses angrily.
The zap misses the ball python.
The zap hits the ball python.
You kill the ball python!
You can't see any susceptible monsters within range! (Use Z to cast anyway.)
You see here a ball python corpse.
Zot draws nearer.
Dive deeper or flee this branch before you suffer!
As you open the door, it creaks loudly!
There is an open door here.
Found a stone staircase leading down.
i - a scroll labelled ACVEH IGGIFUPE Zot has nearly found you.
Suffering is imminent.
Descend or flee this branch!
Zot's power touches on you...
Welcome back, valliere the Meteoran Air Elementalist.
Game seed: 5430720872467839093 (custom seed) Press ? for a list of commands and other information.
You see here a ball python skeleton.
You open the door.
There is an open door here.
There is an open door here.
There is a stone staircase leading down here.
You see here a +0 short sword.
You have lingered too long.
Zot senses you.
Dive deeper or flee this branch before you suffer!
Are you sure you want to abandon this character and quit the game? (Confirm with "yes".)

### ,, , #.#
..# , ...#.#
#.# , *#..#.#
#.#, , , ,
#..#.# #.#, ,
^* #..#.# ..# *
#..#.# .## * ,
#..#.# .#* #..
#..#.# .# ,
##.. #.@#.# .#
, ,...# #....#
.# ,
##.####..### ##
, #....##..# .
* #....##..#
..####........#
..............#
..........##..#
*
.####.<..##..#


There were no monsters in sight!

Vanquished Creatures
  A bat (D:1)
  3 endoplasms (D:1)
  A hobgoblin (D:1)
  4 jackals (D:1)
  3 kobolds (D:1)
  A quokka (D:1)
  2 ball pythons (D:1)
  2 goblins (D:1)
  A rat (D:1)
18 creatures vanquished.

Notes
Turn   | Place    | Note
-------+----------+-------------------------------------------
     0 | D:1      | valliere the Meteoran Air Elementalist began the quest for
                  | the Orb.
     0 | D:1      | Reached XP level 1. HP: 14/14 MP: 5/5
    57 | D:1      | Gained mutation: You expend magic power (3 MP) to
                  | strengthen your wands. [potion of mutation]
    66 | D:1      | Reached XP level 2. HP: 19/20 MP: 0/6
   365 | D:1      | Reached XP level 3. HP: 26/26 MP: 5/8
   500 | D:1      | Glimpsed the power of Zot.
   550 | D:1      | Glimpsed the power of Zot.
   590 | D:1      | Glimpsed the power of Zot.
   599 | D:1      | Touched by the power of Zot.
   700 | D:1      | Glimpsed the power of Zot.
   701 | D:1      | Quit the game

Illustrated notes

Levels and vault maps discovered:
D:1:      dpeg_arrival_boxes_within_box, layout_basic

Skill      XL: |  1  2 |
---------------+-------+-----
Spellcasting   | 3 |  3.0
Dodging        | |  2.8
Stealth        | |  1.6
Conjurations   | |  1.8
Air Magic      | |  3.9

Action                     || total
---------------------------++-------
  Melee: Unarmed           ||    15
         Punch             ||     1
   Cast: Shock             ||    30
    Use: Potion            ||     1
 Armour: Robe              ||     2
  Dodge: Dodged            ||    15

Table legend: (Time is in decaauts)
 A = Elapsed time spent in this place.
 B = Non-inter-level travel time spent in this place.
 C = Inter-level travel time spent in this place.
 D = Time resting spent in this place.
 E = Time spent auto-exploring this place.
 F = Levels seen in this place.
 G = Mean time per level.
                   A        B        C        D        E       F      G
               +--------+--------+--------+--------+--------+-----+--------+
         Total |    701 |    701 |      0 |      0 |    602 |   1 |  701.0 |
       Dungeon |    701 |    701 |      0 |      0 |    602 |   1 |  701.0 |
               +--------+--------+--------+--------+--------+-----+--------+

Top non-repeatable levels by time:
     D:1: 701 daAuts
